Cogmind - Beta 14 @@@ ROGUE MODE // 2024.08.25 @ 21:44:02 Player: Olafz Result: Destroyed by G-47 Trooper with Particle Gun Performance ------------- Evolutions (2) 1000 Regions Visited (3) 600 Robots Destroyed (0) 0 Value Destroyed (0) 0 Prototype IDs (0) 0 Alien Tech Used (0) 0 Bonus (470) 470 TOTAL SCORE: 2070 Bonus ------- Pacifist 470 Cogmind --------- Core Integrity 0/550 Matter 151/300 Energy 99/100 System Corruption 0% Temperature Cool (9) Movement Core (50) Location -8/Materials Parts ------- > --- POWER (1) -------- (None) > --- PROPULSION (3) --- (None) > --- UTILITY (5) ------ System Shield > --- WEAPON (2) ------- Scythe > --- INVENTORY (5) ---- ECM Suite Hacking Suite Hacking Suite Hacking Suite Peak State ------------ > --- POWER ------------ (None) > --- PROPULSION ------- Flight Unit > --- UTILITY ---------- Hacking Suite System Shield > --- WEAPON ----------- (None) > --- INVENTORY -------- ECM Suite Hacking Suite Hacking Suite Hacking Suite [Rating: 8] Favorites ----------- Power None Propulsion Flight Unit Flight Unit Flight Unit Utility Hacking Suite Hackware Hacking Suite Weapon Scythe Slashing Weapon Scythe Build | -11 -10 -9 -8 ------- Run | Yrd Mat Mat Mat Slots Evolved 4 | . . 2 2 Power . | . . . . Propulsion 1 | . . . 1 Utility 3 | . . 2 1 Weapon . | . . . . Parts Attached 4 | . . 1 3 Power . | . . . . Engine . | . . . . Core . | . . . . Reactor . | . . . . Propulsion 1 | . . . 1 Treads . | . . . . Leg . | . . . . Wheel . | . . . . Hover . | . . . . Flight 1 | . . . 1 Utility 2 | . . 1 1 Device . | . . . . Storage . | . . . . Processor . | . . . . Hackware 2 | . . 1 1 Protection . | . . . . Artifact . | . . . . Weapon 1 | . . . 1 Energy Gun . | . . . . Energy Cannon . | . . . . Ballistic Gun . | . . . . Ballistic Cannon . | . . . . Launcher . | . . . . Special Weapon . | . . . . Impact Weapon . | . . . . Slashing Weapon 1 | . . . 1 Piercing Weapon . | . . . . Special Melee Weapon . | . . . . Unidentified Prototypes . | . . . . Parts Lost 2 | . . . 2 Power . | . . . . Propulsion 1 | . . . 1 Utility 1 | . . . 1 Weapon . | . . . . Highest Loss Streak 2 | . . . 2 To Critical Strikes . | . . . . Average Slot Usage (%) 9 | . . 9 16 Hackware 8 | . . 9 14 Peak Build Rating 8 | . . 4 8 Average Rating 3 | . . 3 6 On Entrance 1 | . . . 4 Naked Turns 91 | . 83 8 . Heaviest Build 2 | . . . 2 Greatest Support 4 | 3 3 3 4 Greatest Overweight (x) . | . . . . Average Overweight (x) . | . . . . Largest Inventory Capacity 5 | 5 5 5 5 Average Capacity 5 | 5 5 5 5 Most Carried 5 | . 1 5 5 Average Carried 2 | . . 4 4 Final Capacity 5 | 5 5 5 5 Final Carried 5 | . 1 5 4 Class Distribution -------------------- 84% | Mutant 15% | Hacker-Mutant Dominant Class ---------------- Mutant | -10/Materials Mutant | -9/Materials Mutant | -8/Materials Resources | -11 -10 -9 -8 ----------- Run | Yrd Mat Mat Mat Matter Collected 68 | 51 17 . . Remotely . | . . . . Salvage Created . | . . . . Parts . | . . . . Haulers Intercepted . | . . . . Recyclers Shooed . | . . . . Parts Field Recycled . | . . . . Retrieved Matter . | . . . . Parts Self-Destructed . | . . . . Prevented . | . . . . Kills | -11 -10 -9 -8 ------- Run | Yrd Mat Mat Mat Combat Hostiles Destroyed . | . . . . Classes Destroyed . | . . . . Best Kill Streak . | . . . . Combat Bots Only . | . . . . Max Kills in Single Turn . | . . . . Gunslinging . | . . . . Exploded . | . . . . Melee . | . . . . Uniques/NPCs Destroyed . | . . . . Combat | -11 -10 -9 -8 -------- Run | Yrd Mat Mat Mat Hostile Shots Fired 114 | . 16 23 75 Missed 53 | . 7 9 37 Damage Taken 933 | . 127 181 625 Core 858 | . 127 179 552 Absorbed by Shields . | . . . . Core Remaining (%) 68 | 100 49 55 . Volleys Fired . | . . . . Largest . | . . . . Hottest . | . . . . Shots Fired . | . . . . Gun . | . . . . Cannon . | . . . . Launcher . | . . . . Special . | . . . . Kinetic . | . . . . Thermal . | . . . . Explosive . | . . . . Electromagnetic . | . . . . Robot Hit Streak . | . . . . Robot Miss Streak . | . . . . Penetration Max . | . . . . Secondary Targets . | . . . . Shots Hit Robots . | . . . . Core Hits 1 | . . . 1 Critical Kills . | . . . . Critical Parts Destroyed . | . . . . Critical Strikes . | . . . . Melee Attacks . | . . . . Impact . | . . . . Slashing . | . . . . Piercing . | . . . . Sneak Attacks . | . . . . Combat Hostiles . | . . . . Follow-up Attacks . | . . . . Damage Inflicted 14 | . 1 4 9 Guns . | . . . . Cannons . | . . . . Explosions . | . . . . Melee . | . . . . Ramming 14 | . 1 4 9 Kinetic . | . . . . Thermal . | . . . . Explosive . | . . . . Electromagnetic . | . . . . Impact . | . . . . Slashing . | . . . . Piercing . | . . . . Highest Corruption . | . . . . Average Corruption . | . . . . Corruption Purged . | . . . . Corruption Blocked . | . . . . Overload Shots . | . . . . Overflow Damage . | . . . . Projectiles . | . . . . Explosions . | . . . . Melee . | . . . . Knockbacks . | . . . . Impact . | . . . . Kinetic . | . . . . Secondary . | . . . . Self-Inflicted Damage 6 | . . 2 4 Shots . | . . . . Rammed 4 | . 1 1 2 Targets Rammed 4 | . 1 1 2 Kicked . | . . . . Crushed . | . . . . Highest Temperature 2 | . 2 . . Average Temperature 2 | . 2 . . Received Heat Transfer 468 | . 87 84 297 Siege Activations . | . . . . Robots Corrupted . | . . . . Combat Hostiles . | . . . . Parts Fried . | . . . . Impact Corruptions . | . . . . Robots Melted . | . . . . Combat Hostiles . | . . . . Parts Melted . | . . . . Heat Transferred . | . . . . Parts Sabotaged . | . . . . Parts Stolen . | . . . . Parts Stripped . | . . . . Power Chain Reactions . | . . . . Alert | -11 -10 -9 -8 ------- Run | Yrd Mat Mat Mat Peak Influence 282 | . 35 104 282 Initial 43 | . . 14 43 Average 87 | . 13 53 158 Maximum Alert Level 1 | . . . 1 Low Security (%) 84 | 100 100 100 66 Level 1 15 | . . . 33 Level 2 . | . . . . Level 3 . | . . . . Level 4 . | . . . . Level 5 . | . . . . High Security . | . . . . Max Security . | . . . . Squads Dispatched 6 | . 1 1 4 Investigation 3 | . . 1 2 Extermination . | . . . . Reinforcement 3 | . 1 . 2 Assault . | . . . . Garrison . | . . . . Intercept . | . . . . Searches Triggered . | . . . . Construction Impeded . | . . . . Haulers Reinforced . | . . . . Active Scanning Responses . | . . . . Cargo Convoy Interrupts . | . . . . Stealth | -11 -10 -9 -8 --------- Run | Yrd Mat Mat Mat Distress Signals . | . . . . Communications Jammed . | . . . . Distress Signals . | . . . . Times Spotted 44 | . 5 11 28 Peak Tracking Total 18 | . 5 10 18 Tactical Retreats 2 | . . . 2 Traps | -11 -10 -9 -8 ------- Run | Yrd Mat Mat Mat Traps Triggered 3 | . . 1 2 Indirectly . | . . . . Trap Hack Attempts . | . . . . Triggered . | . . . . Disarmed . | . . . . Reprogrammed . | . . . . Reused . | . . . . Traps Extracted . | . . . . Installed . | . . . . Triggered . | . . . . Machines | -11 -10 -9 -8 ---------- Run | Yrd Mat Mat Mat Machines Disabled . | . . . . Max in Single Turn . | . . . . Machines Repaired . | . . . . Machines Dismantled . | . . . . Machines Sabotaged . | . . . . Overloaded Fab Kills . | . . . . Hacking | -11 -10 -9 -8 --------- Run | Yrd Mat Mat Mat Machines Accessed 7 | . 4 1 2 Terminals 7 | . 4 1 2 Fabricators . | . . . . Repair Stations . | . . . . Recycling Units . | . . . . Scanalyzers . | . . . . Garrison Access . | . . . . Total Hacks 20 | . 12 2 6 Successful 5 | . 3 . 2 Failed 15 | . 9 2 4 Catastrophic 3 | . 1 . 2 Database Lockouts . | . . . . Manual 20 | . 12 2 6 Terminals 20 | . 12 2 6 Fabricators . | . . . . Repair Stations . | . . . . Recycling Units . | . . . . Scanalyzers . | . . . . Garrison Access . | . . . . Terminal Hacks 1 | . 1 . . Level Access Points 1 | . 1 . . Fabricator Hacks . | . . . . Repair Station Hacks . | . . . . Recycling Unit Hacks . | . . . . Scanalyzer . | . . . . Garrison Access Hacks . | . . . . Unauthorized Hacks 4 | . 2 . 2 Terminals 4 | . 2 . 2 Botnet 4 | . 2 . 2 Fabricators . | . . . . Repair Stations . | . . . . Recycling Units . | . . . . Scanalyzers . | . . . . Garrison Access . | . . . . Data Cores Recovered . | . . . . Used . | . . . . Hacking Detections 7 | . 4 1 2 Full Trace Events 1 | . . . 1 Feedback Events . | . . . . Feedback Blocked . | . . . . Robot Schematics Acquired . | . . . . Robots Built . | . . . . Authchips . | . . . . Time . | . . . . Total Robot Build Rating . | . . . . Part Schematics Acquired . | . . . . Parts Built . | . . . . Authchips . | . . . . Time . | . . . . Total Part Build Rating . | . . . . Parts Repaired . | . . . . Time . | . . . . Parts Recycled . | . . . . Recycled Matter . | . . . . Retrieved Matter . | . . . . Retrieved Components . | . . . . Parts Scanalyzed . | . . . . Part Schematics Acquired . | . . . . Parts Damaged . | . . . . Bothacking | -11 -10 -9 -8 ------------ Run | Yrd Mat Mat Mat Used RIF Installer . | . . . . Robots Hacked . | . . . . Non-combat . | . . . . Combat . | . . . . Robot Hacks Applied . | . . . . Relay Couplers Released . | . . . . Fabnet Peak Effective % . | . . . . Robots Rewired . | . . . . Allies Hacked . | . . . . Hacks Repelled . | . . . . Allies | -11 -10 -9 -8 -------- Run | Yrd Mat Mat Mat Total Allies . | . . . . Largest Group . | . . . . Highest-Rated Group . | . . . . Highest-Rated Ally . | . . . . Total Orders . | . . . . Ally Attacks . | . . . . Total Damage . | . . . . Kills . | . . . . Allies Corrupted . | . . . . Allies Melted . | . . . . Intel | -11 -10 -9 -8 ------- Run | Yrd Mat Mat Mat Robot Analysis Total . | . . . . Derelict Logs Recovered . | . . . . Drone Launches . | . . . . Drone Recoveries . | . . . . Exploration | -11 -10 -9 -8 ------------- Run | Yrd Mat Mat Mat Turns Passed 277 | 9 83 60 125 Spaces Moved 521 | 18 157 107 239 Core 515 | 18 157 107 233 Treads . | . . . . Legs . | . . . . Wheels . | . . . . Hover . | . . . . Flight 6 | . . . 6 Fastest Speed 40 | 50 50 50 40 Average Speed 49 | 50 50 50 49 Slowest Speed 50 | 50 50 50 50 Overloaded Moves . | . . . . Propulsion Burnouts . | . . . . Robots Hopped . | . . . . Cave-ins Triggered . | . . . . Exploration Rate (%) 23 | 4 36 21 34 Regions Visited 3 Branch Regions . Pre-discovered Areas . | . . . . Known Exits Taken 1 | . 1 . . Unknown Exits Taken 2 | 1 . 1 . Scrap Searched . | . . . . Spaces Dug . | . . . . Terrain Destroyed . | . . . . Melee . | . . . . Projectile . | . . . . AOE . | . . . . Terrain Rammed . | . . . . Walls Destroyed . | . . . . Machines Disabled . | . . . . Actions | -11 -10 -9 -8 --------- Run | Yrd Mat Mat Mat Total 533 | 17 160 112 244 Wait 2 | . 2 . . Move 518 | 17 156 106 239 Hop . | . . . . Pick Up 5 | . 1 4 . Fast Attach 3 | . . 1 2 Attach 1 | . . . 1 Detach . | . . . . Swap . | . . . . Drop . | . . . . Fire . | . . . . Melee . | . . . . Ram 4 | . 1 1 2 Kick . | . . . . Crush . | . . . . Escape Stasis . | . . . . Rewire . | . . . . Trap . | . . . . Miscellaneous . | . . . . Route ------- -11/Scrapyard -10/Materials (discovered 4 exits: *Mat x3 / [*Min]) -9/Materials -8/Materials (discovered 1 exit: [*Fac]) History --------- Turn | Location | Event 3 | -11/Scrapyard | Discovered new exit (range 15) 10 | -11/Scrapyard | Entered Materials 19 | -10/Materials | Identified exit to Materials 64 | -10/Materials | Discovered new exit (range 14) 73 | -10/Materials | Core integrity fell below 50% 93 | -10/Materials | Entered another Materials area 93 | -9/Materials | Evolved 2 slots: Utility x2 146 | -9/Materials | Discovered new exit (range 14) 153 | -9/Materials | Entered another Materials area 153 | -8/Materials | Evolved 2 slots: Propulsion x1, Utility x1 206 | -8/Materials | Core integrity fell below 50% 272 | -8/Materials | Core integrity fell below 20% 278 | -8/Materials | Discovered new exit (range 10) 278 | -8/Materials | Destroyed by G-47 Trooper with Particle Gun Last Messages --------------- Connecting with Terminal... >>Trojan(Botnet) Trojan loaded successfully. Testing... Terminal linked with 1 system. Awaiting botnet instructions. ALERT: Suspicious activity at Terminal M011. Dispatching Investigation squad. K-01 Serf collects debris. Triggered Alarm Trap. An alarm sounds. ALERT: Alarm triggered, dispatching investigation squad. K-01 Serf collects debris. Acquired Scythe. K-01 Serf collects debris. U-05 Engineer lays Concrete. K-01 Serf cleans the Nuclear Reactor. G-47 Trooper suffers critical hit (Burn). U-05 Engineer lays Concrete. EXIT=FOUND Map ----- +----------------------------------------------------+ | ?????????# #?????????? | | ?????????## ##############?????????? | | ??????????# # #???????????????? | | ??????????# # #???????????????? | | ??????????# " """ #???????????????? | | ??????????# # """ #???????????????? | | ??????????# # """ #???????????????? | | ??????????# #? #???????????????? | | ??????????# ####/#########?????????? | | ??????????# # = #?????????? | | ??????????# # ########### | | ??????????# # ##"% | | ??????????# # ??## ####### | | ??????????# # ??????# #?????? | | ??????????# ## +##???????# #?????? | | ??????????# ######### #?????? | | ??????????# g #?????? | | ??????????# u g g##### ##?????? | | ??????????#^g g #???# #??????? | | ??????????# g""" k #???# #???+##? | | ??????????# """ #???# #?? ]# | | ??????????# g""" #???# ## ! # | | ??????????# #???# | | ??????????+ ####???# ## ! # | | ????????? # #??????# #?? # | | ???????? # @#####+##??????# #???###? | | ??????? ?# #?????????????# #??????? | | ??????????# #?????????????# #??????? | | ??????????# #?????????????# #??????? | | ??????????# #?????????????# #??????? | | ??????????# #?????????????# #??????? | | ??????????# #?????????????# #??????? | | ??????????# #?????????????# #??????? | | ??????????# #?????????????# #??????? | | ??????????# < ??????????????# #??????? | | ??????????# ??????????????# #??????? | | ??????????####??????????????# #??????? | | ?????????????#######????????# #??????? | | ???????????? #???######+###????? | | ????????????"" #???# #????? | | ??????????#""" #???# #????? | | ??????????#""" #???# #????? | | ??????????#""" #???# #????? | | ??????????#""" #???# #????? | | ??????????# #???# #????? | | ??????????# #???# #????? | | ??????????# #???# #????? | | ??????????#####+####???# #????? | | ????????????# ##########/######+## | | ??????????# # | +----------------------------------------------------+ Best States ------------- Heat Dissipation 31 Energy Generation 5 Energy Capacity 100 Matter Stores 170 Matter Capacity 300 Sight Range 16 Terrain Scan Density 10 Evasion (%) 62 Offensive Hacking 10 Defensive Hacking 10 Item Schematics ----------------- None Robot Schematics ------------------ None Fabricated ------------ Nothing Alien Tech Used ----------------- None Achievements -------------- None Challenges ------------ None Game ------ Seed AssaultAuthchipStabilizer Manual? 0 Play Time 00:05:52 Cumulative 250.5 hours Start 2024.08.25 @ 21:39:50 End 2024.08.25 @ 21:44:02 Sessions 1 Manual Loads 0 Difficulty Rogue Special Mode None Game No. 455 Rogue 453 Adventurer 2 Explorer 0 Win Type - Total 13 Types 10/0/1/2/0/0/0/0/0 Lore% 73 Gallery% 68 Achievement% 57 Wizard Run 0 Options --------- Layout 0 ASCII 0 Keyboard 1 Movement Numpad Keybinds 1 Fullscreen 2 Font 18/SmallcapsGlow Map View 76x50 Zoom Use 0% Tactical HUD 1 Map Filters NONE Filters NONE Steam 1 RUN: 90b013f0-1880-4537-b077-e10060c471fc